 Dungeon Crawl Stone Soup version 0.29.1-2-gbd0b4ee654 (webtiles) character file.

Game seed: 11891786019522075016

3927 xian the Covered (level 10, -4/76 HPs)
             Began as a Demonspawn Berserker on Nov 23, 2022.
             Was an Initiate of Okawaru.
             Succumbed to a hornet's poison
             ... on level 8 of the Dungeon on Nov 24, 2022.
             The game lasted 00:21:23 (10487 turns).

xian the Covered (Demonspawn Berserker)            Turns: 10487, Time: 00:21:23

Health: -4/76      AC: 11    Str: 19    XL:     10   Next: 1%
Magic:  10/10      EV: 13    Int: 12    God:    Okawaru [......]
Gold:   464        SH:  0    Dex: 12    Spells: 9/9 levels left

rFire   x . .      SeeInvis .   r - +10 mace of the Furious {flame, rC+}
rCold   + + .      Faith    .   (no shield)
rNeg    . . .      Spirit   .   k - +4 ring mail
rPois   .          Reflect  .   (helmet restricted)
rElec   .          Harm     .   (no cloak)
rCorr   .          Rampage  .   (no gloves)
Will    .....                   t - +0 pair of boots
Stlth   +.........              (no amulet)
HPRegen 0.22/turn               d - ring of ice
MPRegen 0.12/turn               (no ring)

@: lethally poisoned (-4 -> -28), attractive, slowed, very slow
A: antennae 2, ignite blood 3, demonic magic 2
a: Renounce Religion


You were on level 8 of the Dungeon.
You worshipped Okawaru.
Okawaru was noncommittal.
You visited 2 branches of the dungeon, and saw 9 of its levels.

You collected 464 gold pieces.

Inventory:

Hand Weapons
 f - a +1 dagger of draining
 r - the +10 mace of the Furious (weapon) {flame, rC+}
   (You took it off an orc on level 5 of the Dungeon)

   It burns those it strikes, dealing additional fire damage.
   rC:        It protects you from cold.
Missiles
 i - 11 poisoned darts (quivered)
 o - 9 boomerangs
 p - 6 silver javelins
 w - a throwing net
Armour
 k - a +4 ring mail (worn)
 s - the +2 leather armour of Okawaru's Regard {rPois rF+ SInv}
   (You took it off an orc on level 5 of the Dungeon)

   rF:        It protects you from fire.
   rPois:     It protects you from poison.
   SInv:      It lets you see invisible.
 t - a +0 pair of boots (worn)
 u - an orb of mayhem
Jewellery
 d - a ring of ice (left hand)
Wands
 j - a wand of digging (4)
 q - a wand of polymorph (9)
 y - a wand of quicksilver (14)
Scrolls
 a - a scroll of blinking
 e - 2 scrolls of immolation
 g - 2 scrolls of poison
 l - 4 scrolls of teleportation {unknown}
 n - 2 scrolls of enchant armour {unknown}
 v - 2 scrolls of butterflies {unknown}
Potions
 b - 2 potions of curing
 c - a potion of cancellation
 h - 4 potions of attraction
 m - 2 potions of degeneration {unknown}
 x - a potion of ambrosia {unknown}
 z - a potion of invisibility {unknown}
 A - 2 potions of lignification {unknown}
 B - a potion of heal wounds {unknown}
 C - a potion of might {unknown}


   Skills:
 + Level 6.3 Fighting
 + Level 6.4 Short Blades
 + Level 5.0 Maces & Flails
 + Level 7.1 Armour
 + Level 6.1 Dodging
 + Level 2.4 Stealth


You had 9 spell levels left.
You didn't know any spells.
Your spell library contained the following spells:

 Spells                   Type           Power      Damage    Failure   Level
 Apportation              Tloc           0%         N/A       47%         1
 Necrotise                Necr           0%         1d4       47%         1
 Ignite Poison            Fire/Tmut/Pois 0%         N/A       85%         3
 Mephitic Cloud           Conj/Pois/Air  0%         N/A       85%         3
 Freezing Cloud           Conj/Ice/Air   0%         6-21      100%        5
 Summon Small Mammal      Summ           Unusable   N/A       N/A         1

Dungeon Overview and Level Annotations

Branches:
Dungeon (8/15)             Temple (1/1) D:7            Lair (0/5) D:8

Altars:
Ashenzari
Cheibriados
Dithmenos
Fedhas
Gozag
Hepliaklqana
Kikubaaqudgha
Makhleb
Nemelex Xobeh
Okawaru
Qazlal
Ru
Sif Muna
Trog
Uskayaw
Vehumet
Wu Jian
Xom
Yredelemnul

Shops:
D:4 *

Annotations:
Temple 2 transporters


Innate Abilities, Weirdness & Mutations

You have a pair of antennae on your head.
Your demonic aura causes all spilled blood to erupt in flames.
Spells you cast may paralyse nearby enemies.


Message History

You feel very sick. The hornet stings you.
You are more poisoned.
You feel yourself slow down. The hornet stings you!
You are more poisoned.
You feel as though you will be slow longer.
You barely miss the hornet.
The hornet is heavily wounded.
You feel yourself speed up.
You feel extremely sick.
The hornet stings you but does no damage.
The hornet stings you.
* * * LOW HITPOINT WARNING * * *
You suddenly lose the ability to move!
You can move again.
Unknown command.
You sock the hornet! You burn the hornet. Your punch misses the hornet.
The hornet is severely wounded.
* * * LOW HITPOINT WARNING * * *
You feel very sick.
The hornet stings you but does no damage.
The hornet stings you.
* * * LOW HITPOINT WARNING * * *
You feel yourself slow down.
Unknown command.
Your magical effects are unravelling.
You feel magically purged.
You feel yourself speed up.
* * * LOW HITPOINT WARNING * * *
You feel very sick. The hornet stings you.
* * * LOW HITPOINT WARNING * * *
You feel yourself slow down. The hornet stings you.
* * * LOW HITPOINT WARNING * * *
You are more poisoned.
You shrug off the repeated paralysis!
Okay, then.
It was a potion of attraction.
You feel attractive to monsters.
You die...

{ { { #....#
#.. #....# ...
#....# ..≈
{#....# ..≈
#..### ... #..#
... #..######
#.. ##..y...##
#.. #...@....#
...
#........... ..
#.#.....#.##
'.....#....#
.....#.....#...
............ #.
.... ##....##
... ######


You could see a hornet.

Vanquished Creatures
  The ghost of Groverdextrious the Chopper, a novice HOFi of Jiyva (D:5)
  Grinder (D:3)
  Sigmund (D:2)
  Edmund (D:4)
  Menkaure (D:4)
  A water moccasin (D:6)
  An orc warrior (D:5)
  3 ice beasts
  A sky beast (D:6)
  A black bear (D:7)
  An ogre (D:6)
  2 centaurs
  4 phantoms
  2 bullfrogs
  3 scorpions
  2 necrophages
  A gnoll sergeant (D:6)
  3 wights (D:6)
  7 killer bees (D:8)
  A hound (D:5)
  3 jellies
  5 orc priests
  Crazy Yiuf (D:2)
  A gnoll bouda (D:5)
  Jessica (D:2)
  4 iguanas
  Ijyb (D:3)
  3 orc wizards
  Robin (D:3)
  8 gnolls
  11 adders
  A shadow imp (D:7)
  2 white imps
  4 ufetubi
  5 worms
  4 dart slugs
  23 orcs
  6 endoplasms
  4 giant cockroaches
  13 goblins
  11 hobgoblins
  5 quokkas
  5 ball pythons
  7 bats
  6 frilled lizards
  3 kobolds
  11 rats
187 creatures vanquished.

Vanquished Creatures (others)
  A fungus (D:2)
1 creature vanquished.

Grand Total: 188 creatures vanquished

Notes
Turn   | Place    | Note
-------+----------+-------------------------------------------
     0 | D:1      | xian the Demonspawn Berserker began the quest for the Orb.
     0 | D:1      | Reached XP level 1. HP: 18/18 MP: 1/1
    60 | D:1      | You fall into a shaft and drop 1 floor!
   227 | D:2      | Gained mutation: You have a pair of small antennae on your
                  | head. [demonic ancestry]
   227 | D:2      | Reached XP level 2. HP: 7/24 MP: 2/2
   779 | D:1      | Reached skill level 2 in Armour
  1012 | D:1      | Found a faded altar of an unknown god.
  1019 | D:1      | Gained mutation: You have a pair of antennae on your head.
                  | [demonic ancestry]
  1019 | D:1      | Reached XP level 3. HP: 27/29 MP: 3/3
  1353 | D:1      | Reached ** piety under Trog
  1690 | D:2      | Noticed Jessica
  1717 | D:2      | Killed Jessica
  2026 | D:2      | Gained mutation: Your demonic aura sometimes causes spilled
                  | blood to erupt in flames. [demonic ancestry]
  2026 | D:2      | Reached XP level 4. HP: 30/31 MP: 4/4
  2541 | D:2      | Noticed Sigmund
  2563 | D:2      | Killed Sigmund
  2564 | D:2      | Reached skill level 3 in Armour
  2564 | D:2      | Reached XP level 5. HP: 9/42 MP: 5/5
  3049 | D:2      | Found a runed translucent door.
  3050 | D:2      | Noticed Crazy Yiuf
  3055 | D:2      | Killed Crazy Yiuf
  3056 | D:2      | Gained mutation: Your demonic aura often causes spilled
                  | blood to erupt in flames. [demonic ancestry]
  3056 | D:2      | Reached XP level 6. HP: 48/48 MP: 6/6
  3449 | D:3      | Noticed Robin
  3450 | D:3      | Noticed Grinder
  3468 | D:3      | Killed Grinder
  3469 | D:3      | Reached skill level 4 in Armour
  3469 | D:3      | Gained mutation: Spells you cast may paralyse adjacent
                  | enemies. [demonic ancestry]
  3469 | D:3      | Reached XP level 7. HP: 51/54 MP: 7/7
  3476 | D:3      | Killed Robin
  3650 | D:3      | Noticed Ijyb
  3662 | D:3      | Killed Ijyb
  4035 | D:3      | Reached skill level 1 in Stealth
  4200 | D:4      | Found Gyptisch's General Store.
  4324 | D:4      | Reached *** piety under Trog
  4330 | D:4      | Identified the +2 leather armour of the Louse {rF+}
  4367 | D:4      | Noticed Edmund
  4375 | D:4      | Killed Edmund
  4379 | D:4      | Reached skill level 5 in Short Blades
  4657 | D:4      | Reached skill level 5 in Armour
  4819 | D:4      | Noticed Menkaure
  4828 | D:4      | Killed Menkaure
  4829 | D:4      | Gained mutation: Your demonic aura causes all spilled blood
                  | to erupt in flames. [demonic ancestry]
  4829 | D:4      | Reached XP level 8. HP: 47/61 MP: 8/8
  5295 | D:5      | Entered Level 5 of the Dungeon
  5446 | D:5      | Found a runed translucent gate.
  5447 | D:5      | Found a runed translucent gate.
  5448 | D:5      | Found a runed translucent gate.
  5449 | D:5      | Noticed Groverdextrious's ghost (novice HOFi)
  5454 | D:5      | Identified the +10 mace of the Furious {flame, rC+}
  5454 | D:5      | Identified the +2 leather armour of Okawaru's Regard {rPois
                  | rF+ SInv}
  5491 | D:5      | Killed Groverdextrious's ghost
  5492 | D:5      | Reached skill level 5 in Fighting
  5492 | D:5      | Reached skill level 5 in Dodging
  5831 | D:5      | Reached skill level 6 in Armour
  6263 | D:5      | Reached skill level 1 in Maces & Flails
  6263 | D:5      | Reached XP level 9. HP: 60/68 MP: 9/9
  6328 | D:5      | Found a shadowy altar of Dithmenos.
  7871 | D:6      | Identified the +0 ring mail of the Merchant {rF+}
  8908 | D:7      | Found a staircase to the Ecumenical Temple.
  8975 | D:7      | Noticed a moth of wrath
  8977 | D:7      | Found a bloodstained altar of Trog.
  9232 | D:7      | Reached **** piety under Trog
  9368 | Temple   | Entered the Ecumenical Temple
  9368 | Temple   | Found a transporter.
  9368 | Temple   | Found a transporter.
  9370 | Temple   | Found a transporter.
  9370 | Temple   | Found a transporter.
  9390 | Temple   | Fell from the grace of Trog
  9390 | Temple   | Became a worshipper of Warmaster Okawaru
  9928 | D:8      | Reached skill level 7 in Armour
 10171 | D:8      | Found an ornate altar of the Wu Jian Council.
 10325 | D:8      | Reached skill level 5 in Maces & Flails
 10325 | D:8      | Gained mutation: Spells you cast may paralyse nearby
                  | enemies. [demonic ancestry]
 10325 | D:8      | Reached XP level 10. HP: 66/76 MP: 10/10
 10441 | D:8      | Found a staircase to the Lair.
 10480 | D:8      | Paralysed by a hornet for 2 turns
 10484 | D:8      | Paralysed by a hornet for 1 turns
 10486 | D:8      | HP: 2/76 [hornet (4)]
 10487 | D:8      | Succumbed to a hornet's poison

Illustrated notes

Levels and vault maps discovered:
D:1:      kilobyte_arrival_exit_the_forest, layout_loops_ring,
          hellmonk_ecumenical_altar_zigzags
D:2:      layout_loops_ring, moated_statue, uniq_sigmund,
          uniq_crazy_yiuf_cottage, uniq_jessica
D:3:      layout_loops_ring, uniq_grinder, uniq_robin, uniq_ijyb
D:4:      layout_basic, serial_shops, shop, serial_bayou_pond_e,
          roderic_serpentine_path, uniq_menkaure, uniq_edmund
D:5:      layout_loops_ring, mainiacjoe_overflow_concentric_impassable,
          biasface_ghost_orc_armoury
D:6:      layout_basic, chequers_serial_rivers_small_b
D:7:      layout_basic, tgw_trog, minmay_temple_entry_slanted
D:8:      layout_basic, nicolae_wu_jian_wuxing_cycle, dpeg_oklobed_lair,
          ebering_ghost_gozag, st_stairs_11, minmay_misc_feat_five,
          minmay_manual_mess
Temple:   hellmonk_temple_divided_pantheon

Skill      XL: |  1  2  3  4  5  6  7  8  9 |
---------------+----------------------------+-----
Short Blades   | 3 4 5 6 |  6.4
Armour         | 2 3 4 5 6 7 |  7.1
Dodging        | 2 3 4 5 6 |  6.1
Fighting       | 4 5 6 |  6.3
Stealth        | 1 2 |  2.4
Maces & Flails | 1 5 |  5.0

Action                   |  1- 3 |  4- 6 |  7- 9 | 10-12 || total
-------------------------+-------+-------+-------+-------++-------
Melee: Short sword       |    80 |       |       |       ||    80
       Dagger            |    45 |   125 |   220 |       ||   390
       Punch             |     2 |       |    11 |       ||    13
       Mace              |       |       |   175 |    13 ||   188
Invok: Berserk           |       |     4 |     9 |       ||    13
       Trog's Hand       |       |     1 |     1 |       ||     2
  Use: Scroll            |     5 |       |     5 |       ||    10
       Potion            |       |       |       |     2 ||     2
 Stab: Sleeping          |     1 |       |       |       ||     1
Armor: Animal skin       |    14 |       |       |       ||    14
       Ring mail         |    22 |    63 |   196 |     7 ||   288
       Scale mail        |    12 |     7 |       |       ||    19
Dodge: Dodged            |    77 |    70 |   319 |    16 ||   482
